 Dungeon Crawl Stone Soup version 0.31-a0-496-g6f97920a28 (webtiles) character file.

Game seed: 6189397523065989396

165 randomguy2701 the Stinger (level 5, -2/32 HPs)
             Began as an Octopode Venom Mage on Aug 8, 2023.
             Slain by a gnoll
             ... wielding a +0 whip
              (7 damage)
             ... on level 3 of the Dungeon.
             The game lasted 00:04:35 (3801 turns).

randomguy2701 the Stinger (Octopode Venom Mage)     Turns: 3801, Time: 00:04:35

Health: -2/32      AC:  1    Str:  7    XL:     5   Next: 46%
Magic:  7/9        EV: 14    Int: 20    God:
Gold:   121        SH:  0    Dex: 18    Spells: 9/10 levels left

rFire   . . .        (no weapon)
rCold   . . .        (no shield)
rNeg    . . .        (helmet restricted)
rPois   .            (no amulet)
rElec   .            m - +6 ring of dexterity
rCorr   .            (no ring)
SInv    .            (no ring)
Will    .....        (no ring)
Stlth   ++++         (no ring)
HPRegen 0.25/turn    (no ring)
MPRegen 0.11/turn    (no ring)
                     (no ring)

%: no passive effects
@: no status effects
A: almost no armour, amphibious, 8 rings, camouflage 1, gelatinous body 1,
(nimble swimmer 1), tentacles
a: no special abilities


You were on level 3 of the Dungeon.
You visited 1 branch of the dungeon, and saw 3 of its levels.

You collected 121 gold pieces.

Inventory:

Jewellery
 m - a +6 ring of dexterity (left tentacle)
Wands
 q - a wand of roots (15)
Scrolls
 b - a scroll of fog {unknown}
 c - a scroll of immolation {unknown}
 d - 2 scrolls of identify {unknown}
 h - a scroll of vulnerability {unknown}
 l - 3 scrolls of teleportation {unknown}
 n - 2 scrolls of noise {unknown}
 o - a scroll of poison {unknown}
Potions
 a - a potion of magic
 e - 2 potions of heal wounds {unknown}
 f - 3 potions of enlightenment {unknown}
 g - a potion of degeneration {unknown}
 i - a potion of haste {unknown}
 j - a potion of berserk rage {unknown}
 k - a potion of curing {unknown}
 p - a potion of might {unknown}


   Skills:
 + Level 0.4 Fighting
 + Level 2.4 Dodging
 + Level 3.2 Stealth
 + Level 0.7 Unarmed Combat
 + Level 3.0 Spellcasting
 - Level 1.7 Transmutations
 * Level 5.4 Poison Magic


You had 9 spell levels left.
You knew the following spells:

 Your Spells              Type           Power      Damage    Failure   Level
a - Sting                 Tmut/Pois      68%        1d6       3%          1

Your spell library contained the following spells:

 Spells                   Type           Power      Damage    Failure   Level
 Poisonous Vapours        Pois/Air       26%        N/A       7%          2
 Cigotuvi's Dreadful Rot  Necr/Pois/Air  20%        N/A       11%         2
 Apportation              Tloc           6%         N/A       14%         1
 Necrotise                Necr           12%        1d4       14%         1
 Summon Small Mammal      Summ           12%        N/A       14%         1
 Passwall                 Tmut/Erth      5%         N/A       16%         2
 Olgreb's Toxic Radiance  Pois           24%        N/A       16%         4
 Mephitic Cloud           Conj/Pois/Air  10%        N/A       21%         3
 Ensorcelled Hibernation  Hex/Ice        6%         N/A       22%         2
 Swiftness                Air            3%         N/A       38%         3
 Dispel Undead            Necr           3%         3d7       80%         4
 Summon Forest            Summ/Tloc      1%         N/A       98%         5
 Eringya's Noxious Bog    Tmut/Pois      8%         4d6       99%         6
 Death Channel            Necr           1%         N/A       100%        6
 Summon Hydra             Summ           1%         N/A       100%        7


Dungeon Overview and Level Annotations

Branches:
Dungeon (3/15)

Altars:
Ru


Innate Abilities, Weirdness & Mutations

You cannot wear most types of armour.
You are amphibious.
You can wear up to eight rings at the same time.
Your skin changes colour to match your surroundings (Stealth+).
Your rubbery body absorbs attacks. (AC +1, EV +1)
((You are camouflaged when in or above water. (Stealth+)))
You have tentacles for arms and can constrict up to eight enemies at once.


Message History

A goblin is nearby!
The sting hits the goblin.
The goblin is poisoned.
The goblin is severely wounded.
The goblin shouts!
You kill the goblin!
You can't see any susceptible monsters within range! (Use Z to cast anyway.)
You can't see any susceptible monsters within range! (Use Z to cast anyway.)
A gnoll comes into view. It is wielding a +0 whip.
Found a ruby potion.
The gnoll shouts!
A gnoll is nearby!
A gnoll is nearby!
A gnoll comes into view. It is wielding a +0 spear.
You can't see any susceptible monsters within range! (Use Z to cast anyway.)
You can't see any susceptible monsters within range! (Use Z to cast anyway.)
Casting: Sting (safe; 3% risk of failure)
Confirm with . or Enter, or press ? or * to list all spells.
You can't see any susceptible monsters within range! (Use Z to cast anyway.) Unknown command.
The sting hits the gnoll.
The gnoll is poisoned.
The gnoll is lightly wounded.
The gnoll shouts!
You hear a shout!
A gnoll comes into view. It is wielding a +0 whip.
The sting hits the gnoll.
The gnoll looks even sicker.
The gnoll is moderately wounded.
The gnoll attacks as you move away! The gnoll hits you with a +0 whip.
The gnoll attacks as you move away! The gnoll hits you with a +0 whip.
The gnoll attacks as you move away! The gnoll hits you with a +0 whip.
The gnoll attacks as you move away! The gnoll hits you with a +0 whip.
The gnoll attacks as you move away! The gnoll hits you with a +0 whip!
* * * LOW HITPOINT WARNING * * *
Casting: Sting (safe; 3% risk of failure)
Confirm with . or Enter, or press ? or * to list all spells.
Aiming: Sting (safe; 3% risk of failure)
Press: ? - help, Shift-Dir - straight line, f/p - gnoll
Aim: a gnoll, wielding a +0 whip (heavily wounded, very poisoned, 77% to hit)
The sting hits the gnoll.
The gnoll looks even sicker.
The gnoll is severely wounded.
The gnoll hits you with a +0 whip!
You die...

.....##.........######## ###....
.....##................####......
..#####................#.........
.. #................#......... #
# #................#...##.... ...
######................#....
....######................#....
.............g............#####
.........gg...@...#.......##...
..................#.......##...
.!..........).....#.......##...
..................######...#...
....###########...# ###.'... ....
#...# ###... ... ##### ###. #. #.
#.


You could see 3 gnolls.

Vanquished Creatures
  An orc wizard (D:3)
  Robin (D:2)
  4 adders
  2 orcs
  2 ball pythons
  7 endoplasms
  A giant cockroach (D:1)
  16 goblins
  7 hobgoblins
  10 jackals (D:1)
  5 kobolds
  8 quokkas
  7 bats
  3 frilled lizards
  6 rats
80 creatures vanquished.

Notes
Turn   | Place    | Note
-------+----------+-------------------------------------------
     0 | D:1      | randomguy2701 the Octopode Venom Mage began the quest for
                  | the Orb.
     0 | D:1      | Reached XP level 1. HP: 11/11 MP: 3/3
    52 | D:1      | Reached XP level 2. HP: 3/18 MP: 0/5
   475 | D:1      | Reached skill level 4 in Poison Magic
   585 | D:1      | Reached XP level 3. HP: 22/22 MP: 2/6
  1744 | D:2      | Reached XP level 4. HP: 11/27 MP: 1/7
  2771 | D:3      | Noticed Robin
  2808 | D:2      | Killed Robin
  2809 | D:2      | Reached skill level 5 in Poison Magic
  2875 | D:3      | Reached XP level 5. HP: 32/32 MP: 6/9
  2927 | D:3      | Found a sacrificial altar of Ru.
  3801 | D:3      | Slain by a gnoll

Illustrated notes

Levels and vault maps discovered:
D:1:      lightli_arrival_isolated_outpost, layout_basic, kennysheep_boxes
D:2:      minmay_chambers_of_twos, layout_basic, minmay_misc_feat_doors,
          minmay_misc_feat_nine_boxes, dk_vineyard_2
D:3:      minmay_diamond_boxcup, layout_basic,
          nicolae_ru_great_annihilating_truth, grunt_ministairs_3, uniq_robin

Skill      XL: |  1  2  3  4  5 |
---------------+----------------+-----
Stealth        | 3 |  3.2
Poison Magic   | 4 5 |  5.4
Spellcasting   | 3 |  3.0
Fighting       | |  0.4
Dodging        | |  2.4
Unarmed Combat | |  0.7
Transmutations | |  1.7

Action                     |  1- 3 |  4- 6 || total
---------------------------+-------+-------++-------
  Melee: Unarmed           |    20 |     7 ||    27
         Constrict         |     6 |     1 ||     7
         Tentacles         |     3 |       ||     3
   Cast: Sting             |    85 |   102 ||   187
 Armour: Skin              |     6 |     7 ||    13
  Dodge: Dodged            |    39 |    54 ||    93

Table legend: (Time is in decaauts)
 A = Elapsed time spent in this place.
 B = Non-inter-level travel time spent in this place.
 C = Inter-level travel time spent in this place.
 D = Time resting spent in this place.
 E = Time spent auto-exploring this place.
 F = Levels seen in this place.
 G = Mean time per level.
                   A        B        C        D        E       F      G
               +--------+--------+--------+--------+--------+-----+--------+
         Total |   3801 |   3764 |     37 |      0 |   3251 |   3 | 1267.0 |
       Dungeon |   3801 |   3764 |     37 |      0 |   3251 |   3 | 1267.0 |
               +--------+--------+--------+--------+--------+-----+--------+

Top non-repeatable levels by time:
     D:1: 1518 daAuts
     D:2: 1222 daAuts
     D:3: 1060 daAuts
